 Dungeon Crawl Stone Soup version 0.20-a0-441-g89e74e4 (webtiles) character file.

21 M4edhros the Grave Robber (level 2, -1/17 HPs)
             Began as an Octopode Necromancer on Jan 6, 2017.
             Slain by a bullfrog skeleton (2 damage)
             ... on level 3 of the Dungeon.
             The game lasted 00:00:45 (176 turns).

M4edhros the Grave Robber (Octopode Necromancer)     Turns: 176, Time: 00:00:45

Health: -1/17      AC:  1    Str:  7    XL:     2   Next: 87%
Magic:  3/5        EV: 13    Int: 17    God:
Gold:   27         SH:  0    Dex: 12    Spells: 4/5 levels left

rFire  . . .     SeeInvis .       - Unarmed
rCold  . . .     Gourm    .     (no shield)
rNeg   . . .     Faith    .     (helmet restricted)
rPois  .         Spirit   .     (no amulet)
rElec  .         Reflect  .     (no ring)
rCorr  .         Harm     .     (no ring)
MR     .....                    (no ring)
Stlth  +++.......               (no ring)
                                (no ring)
                                (no ring)
                                (no ring)
                                (no ring)

@: no status effects
A: almost no armour, stealthy swim, amphibious, 8 rings, constrict 8, camouflage
1, gelatinous body 1
a: no special abilities


You were on level 3 of the Dungeon.
You were not hungry.

You visited 1 branch of the dungeon, and saw 3 of its levels.

You collected 27 gold pieces.

Inventory:

Scrolls
 c - a scroll of enchant weapon {unknown}
 d - a scroll of remove curse {unknown}
 e - a scroll of recharging {unknown}
 g - a scroll of blinking {unknown}
Books
 a - a book of Necromancy

   Spells                             Type                      Level
   a - Pain                           Necromancy                   1
   b - Animate Skeleton               Necromancy                   1
   c - Vampiric Draining              Necromancy                   3
   d - Regeneration                   Charms/Necromancy            3
   e - Animate Dead                   Necromancy                   4
   f - Control Undead                 Necromancy                   4
Comestibles
 b - 2 bread rations
 f - a beef jerky


   Skills:
 - Level 2.0 Dodging
 - Level 2.6 Stealth
 + Level 2.4 Unarmed Combat
 - Level 2.0 Spellcasting
 - Level 4.0 Necromancy


You had 4 spell levels left.
You knew the following spells:

 Your Spells              Type           Power        Failure   Level  Hunger
a - Pain                  Necr           ###.         3%          1    #......


Dungeon Overview and Level Annotations

Branches:
Dungeon (3/15)

Altars:


Innate Abilities, Weirdness & Mutations

You cannot wear most types of armour.
You are very stealthy in the water. (Stealth+)
You are amphibious.
You can wear up to eight rings at the same time.
You can use your tentacles to constrict eight enemies at once.
Your skin changes colour to match your surroundings (Stealth+).
Your rubbery body absorbs attacks. (AC +1, EV +1)


Message History

You constrict the bullfrog skeleton, but do no damage.
The bullfrog skeleton hits you.
* * * LOW HITPOINT WARNING * * *
You tentacle-slap the bullfrog skeleton.
The bullfrog skeleton is moderately damaged.
You constrict the bullfrog skeleton.
The bullfrog skeleton barely misses you.
You tentacle-slap the bullfrog skeleton.
The bullfrog skeleton is heavily damaged.
You constrict the bullfrog skeleton.
The bullfrog skeleton closely misses you.
You tentacle-slap the bullfrog skeleton.
The bullfrog skeleton is heavily damaged.
You constrict the bullfrog skeleton.
The bullfrog skeleton closely misses you.
The bullfrog skeleton barely misses you.
You tentacle-slap the bullfrog skeleton.
The bullfrog skeleton is severely damaged.
You constrict the bullfrog skeleton. The bullfrog skeleton hits you.
You die...

#...>.................
#......#####.#######..
#..............<#
....†#.####...###
.#...#.# #...# #######
.#...# # #...# ......#
.#...######...# ......#
#............####......#
#..#######.#...@Z.......
#........#.######......#
###+####.#.# ......# ...
#.# ####### ..... #.#
+...... #.# #.....#. #.#
#.......w #.....#...


You could see a bullfrog skeleton.

Vanquished Creatures
  An adder (D:3)
  A dart slug (D:3)
  3 giant cockroaches
  A goblin (D:3)
  2 kobolds (D:2)
  2 rats (D:2)
10 creatures vanquished.

Notes
Turn   | Place    | Note
-------+----------+-------------------------------------------
     0 | D:1      | M4edhros the Octopode Necromancer began the quest for the Orb.
     0 | D:1      | Reached XP level 1. HP: 11/11 MP: 3/3
    55 | D:2      | Reached skill level 1 in Unarmed Combat
    87 | D:2      | Reached XP level 2. HP: 14/17 MP: 5/5
   176 | D:3      | Slain by a bullfrog skeleton

Vault maps used:
D:1:      lemuel_arrival_hallway, kennysheep_minor_cross
D:2:      tgw_trog, uniq_crazy_yiuf_cottage

Skill      XL: |  1  2 |
---------------+-------+-----
Unarmed Combat | 1 2 |  2.4
Dodging        | |  2.0
Stealth        | |  2.6
Spellcasting   | |  2.0
Necromancy     | |  4.0

Action                   || total
-------------------------++-------
Melee: Unarmed           ||    30
       Tentacles         ||     5
       Constrict         ||     6
 Cast: Pain              ||     7
 Stab: Sleeping          ||     4
Dodge: Dodged            ||    20
